 Dungeon Crawl Stone Soup version 0.26.0-18-gc5c842f807 (webtiles) character file.

Game seed: 3946929024044702583

487 112233 the Ruffian (level 7, 0/44 HPs)
             Began as an Octopode Fighter on Jan 23, 2021.
             Succumbed to a worker ant's poison
             ... on level 6 of the Dungeon.
             The game lasted 00:07:52 (4104 turns).

112233 the Ruffian (Octopode Fighter)               Turns: 4104, Time: 00:07:52

Health: 0/44       AC:  1    Str: 16    XL:     7   Next: 13%
Magic:  7/7        EV: 13    Int: 10    God:
Gold:   129        SH:  9    Dex: 13    Spells: 6/6 levels left

rFire    . . .     SeeInvis .     - Unarmed
rCold    . . .     Faith    .   a - +0 kite shield
rNeg     . . .     Spirit   .   (helmet restricted)
rPois    .         Reflect  .   (no amulet)
rElec    +         Harm     .   (no ring)
rCorr    .         Rampage  .   (no ring)
Will     .....                  (no ring)
Stlth    ++........             (no ring)
HPRegen  0.14/turn              (no ring)
MPRegen  0.10/turn              (no ring)
                                (no ring)
                                (no ring)

@: lethally poisoned (0 -> -3)
A: almost no armour, stealthy swim, amphibious, 8 rings, constrict 8, fangs 1,
tentacle spike 1, camouflage 1, frail 1, electricity resistance, gelatinous body
1
a: no special abilities


You were on level 6 of the Dungeon.
You visited 2 branches of the dungeon, and saw 7 of its levels.

You collected 129 gold pieces.

Inventory:

Missiles
 b - 8 curare-tipped darts (quivered)
Armour
 a - a +0 kite shield (worn)
Magical Staves
 m - an uncursed staff of death {unknown}
Jewellery
 e - an uncursed ring of willpower {unknown}
Wands
 h - a wand of digging (3)
Scrolls
 c - a scroll of blinking {unknown}
 d - 4 scrolls of noise {unknown}
 f - a scroll of magic mapping {unknown}
 g - 8 scrolls of identify {unknown}
 i - a scroll of enchant armour {unknown}
 j - a scroll of amnesia {unknown}
 k - 4 scrolls of teleportation {unknown}
 l - a scroll of immolation {unknown}
 o - a scroll of remove curse {unknown}


   Skills:
 + Level 4.3 Fighting
 + Level 4.3 Dodging
 + Level 4.4 Shields
 * Level 5.0 Unarmed Combat


You had 6 spell levels left.
You didn't know any spells.
Your spell library was empty.

Dungeon Overview and Level Annotations

Branches:
Dungeon (6/15)             Temple (1/1) D:5

Altars:
Cheibriados
Dithmenos
Elyvilon
Fedhas
Hepliaklqana
Kikubaaqudgha
Makhleb
Okawaru
Qazlal
Ru
Sif Muna
Trog
Uskayaw
Wu Jian
Xom
Yredelemnul
The Shining One

Annotations:
D:4 Grinder


Innate Abilities, Weirdness & Mutations

You cannot wear most types of armour.
You are very stealthy in the water. (Stealth+)
You are amphibious.
You can wear up to eight rings at the same time.
You can use your tentacles to constrict eight enemies at once.
Your skin changes colour to match your surroundings (Stealth+).
Your rubbery body absorbs attacks. (AC +1, EV +1)
You have very sharp teeth.
One of your tentacles bears a spike.
You are frail. (-10% HP)
You are resistant to electric shocks. (rElec)


Message History

* * * LOW HITPOINT WARNING * * *
You feel sick.
* * * LOW HITPOINT WARNING * * *
You feel sick.
* * * LOW HITPOINT WARNING * * *
You feel sick.
* * * LOW HITPOINT WARNING * * *
You feel sick.
Found a scroll labelled LOIRAQ ORPHOE.
Found a pink potion.
A bullfrog zombie comes into view.
* * * LOW HITPOINT WARNING * * *
You feel sick.
A quokka and an ice beast come into view.
Found a lead wand, a runed robe and 10 gold pieces.
* * * LOW HITPOINT WARNING * * *
You feel sick.
Found 27 stones.
The quokka twitches its whiskers.
You die...

.........###
.......
...........##
#...(.$.#
........##..#
#...Y....
#......####.#
#....[.. #..(####
#.###.....# #.#.#
#..##....## ..#..
# ##...r....#
..##.
......#......##
..
#######.....@.!.#
. #./...........
#Z.#..?###....
.........# ...
...#.....# #
..#.......#
.#.........
.###.....


You could see an ice beast (asleep), a bullfrog zombie and a quokka.

Vanquished Creatures
  2 scorpions
  A howler monkey (D:5)
  A jelly (D:5)
  An orc wizard (D:2)
  A bullfrog skeleton (D:5)
  An iguana (D:5)
  3 worker ants
  4 gnolls
  4 adders
  2 oozes
  A worm (D:2)
  A dart slug (D:1)
  7 orcs
  3 giant cockroaches
  6 goblins
  9 hobgoblins
  6 jackals (D:1)
  3 quokkas
  2 ball pythons
  8 bats
  5 frilled lizards
  A jackal skeleton (D:5)
  5 kobolds
  A leopard gecko skeleton (D:6)
  10 rats
88 creatures vanquished.

Notes
Turn   | Place    | Note
-------+----------+-------------------------------------------
     0 | D:1      | 112233 the Octopode Fighter began the quest for the Orb.
     0 | D:1      | Reached XP level 1. HP: 16/16 MP: 1/1
   158 | D:1      | Reached XP level 2. HP: 15/21 MP: 2/2
   408 | D:1      | Reached XP level 3. HP: 26/26 MP: 3/3
  1160 | D:2      | Reached skill level 3 in Unarmed Combat
  1165 | D:2      | Reached XP level 4. HP: 31/31 MP: 4/4
  1196 | D:2      | Found a sacrificial altar of Ru.
  1244 | D:2      | Gained mutation: Scrolls take you a little longer to read.
                  | [potion of mutation]
  1244 | D:2      | Gained mutation: You are frail. (-10% HP) [potion of
                  | mutation]
  1244 | D:2      | Gained mutation: You do not regenerate when monsters are
                  | visible. [potion of mutation]
  1244 | D:2      | Gained mutation: Your mind is acute. (Int +2) [potion of
                  | mutation]
  1245 | D:2      | HP: 1/27 [poisoned by an adder]
  1952 | D:3      | Reached XP level 5. HP: 22/32 MP: 5/5
  2903 | D:4      | Found a shadowy altar of Dithmenos.
  2908 | D:4      | Found a hide-covered altar of Uskayaw.
  2910 | D:4      | Found an iron altar of Okawaru.
  2918 | D:4      | Found a stormy altar of Qazlal.
  2941 | D:4      | Reached skill level 4 in Unarmed Combat
  2941 | D:4      | Reached XP level 6. HP: 12/38 MP: 6/6
  3293 | D:4      | Noticed Grinder
  3304 | D:5      | Entered Level 5 of the Dungeon
  3308 | D:5      | Found a staircase to the Ecumenical Temple.
  3321 | D:5      | Found a hide-covered altar of Uskayaw.
  3349 | Temple   | Entered the Ecumenical Temple
  3630 | D:5      | Found a burning altar of Makhleb.
  4032 | D:5      | Reached XP level 7. HP: 30/43 MP: 7/7
  4080 | D:6      | Reached skill level 5 in Unarmed Combat
  4082 | D:6      | Lost mutation: Scrolls take you a little longer to read.
                  | [potion of mutation]
  4082 | D:6      | Lost mutation: You do not regenerate when monsters are
                  | visible. [potion of mutation]
  4082 | D:6      | Lost mutation: Your mind is acute. (Int +2) [potion of
                  | mutation]
  4082 | D:6      | Gained mutation: You are resistant to electric shocks.
                  | (rElec) [potion of mutation]
  4082 | D:6      | Gained mutation: You have very sharp teeth. [potion of
                  | mutation]
  4082 | D:6      | Gained mutation: One of your tentacles bears a spike.
                  | [potion of mutation]
  4090 | D:6      | Noticed a wyvern
  4098 | D:6      | HP: 2/44 [poisoned by a worker ant]
  4104 | D:6      | Succumbed to a worker ant's poison

Illustrated notes

Levels and vault maps discovered:
D:1:      minmay_arrival_four_circles, layout_loops_ring
D:2:      layout_basic, nicolae_ru_great_annihilating_truth, minmay_pentomino_s4
D:3:      layout_rooms
D:4:      layout_loops_cross, minitemple, st_stairs_7, uniq_grinder, uniq_robin
D:5:      layout_rooms, lemuel_round_altar, minmay_temple_entry_slanted,
          basic_altar, kennysheep_generic_room_9
D:6:      layout_rooms, hangedman_decor_growths, serial_park_tiny_2
Temple:   minmay_temple_curvy_loop

Skill      XL: |  1  2  3  4  5  6  7 |
---------------+----------------------+-----
Unarmed Combat | 3 4 5 |  5.0
Fighting       | 4 |  4.3
Shields        | 4 |  4.4
Dodging        | 4 |  4.3

Action                   |  1- 3 |  4- 6 |  7- 9 || total
-------------------------+-------+-------+-------++-------
Melee: Unarmed           |    84 |   125 |    11 ||   220
       Constrict         |    20 |    31 |     3 ||    54
       Tentacles         |    15 |    18 |     4 ||    37
       Punch             |     2 |     7 |     2 ||    11
Throw: Dart              |       |     3 |       ||     3
  Use: Potion            |       |     8 |     2 ||    10
 Stab: Sleeping          |    11 |     4 |     1 ||    16
       Distracted        |     1 |       |       ||     1
Armor: Skin              |     8 |     4 |       ||    12
Dodge: Dodged            |    24 |    50 |     1 ||    75
Block: Kite shield       |    34 |    42 |       ||    76
